 Dungeon Crawl Stone Soup version 0.31.0-32-g396128a36d (webtiles) character file.

Game seed: 6039084864417756396

58 atomiclemming the Trooper (level 4, -2/40 HPs)
             Began as a Hill Orc Fighter on Apr 2, 2024.
             Succumbed to Robin's poison
             ... on level 2 of the Dungeon.
             The game lasted 00:09:07 (1407 turns).

atomiclemming the Trooper (Hill Orc Fighter)        Turns: 1407, Time: 00:09:08

Health: -2/40      AC: 13    Str: 18    XL:     4   Next: 1%
Magic:  4/4        EV:  9    Int:  8    God:
Gold:   87         SH:  5    Dex: 12    Spells: 3/3 levels left

rFire   . . .        a - +1 war axe
rCold   . . .        c - +0 buckler
rNeg    . . .        b - +1 scale mail
rPois   .            (no helmet)
rElec   .            (no cloak)
rCorr   .            (no gloves)
SInv    .            m - +0 pair of boots
Will    .....        l - amulet of magic regeneration Stlth
                     j - +4 ring of protection
HPRegen 0.26/turn    (no ring)
MPRegen 0.49/turn

%: no passive effects
@: lethally poisoned (-2 -> -16)
A: no striking features
a: no special abilities


You were on level 2 of the Dungeon.
You visited 1 branch of the dungeon, and saw 2 of its levels.

You collected 87 gold pieces.

Inventory:

Hand Weapons
 a - a +1 war axe (weapon)
Armour
 b - a +1 scale mail (worn)
 c - a +0 buckler (worn)
 m - a +0 pair of boots (worn)
Jewellery
 j - a +4 ring of protection (left hand)
 l - an amulet of magic regeneration (around neck)
Scrolls
 h - a scroll of blinking {unknown}
 k - a scroll of vulnerability {unknown}
 n - a scroll of immolation {unknown}
Potions
 d - a potion of might
 g - a potion of heal wounds {unknown}
 i - 2 potions of invisibility {unknown}


   Skills:
 + Level 4.1 Fighting
 + Level 3.5 Axes
 + Level 3.8 Armour
 + Level 0.3 Dodging
 + Level 3.8 Shields


You had 3 spell levels left.
You didn't know any spells.
Your spell library was empty.

Dungeon Overview and Level Annotations

Branches:
Dungeon (2/15)

Altars:
Kikubaaqudgha

Annotations:
D:2 Robin


Message History

a +0 club; a +0 sling; a goblin corpse You closely miss the goblin.
You feel sick. The goblin barely misses you. Robin throws the goblin at you!
You feel sick. The goblin hits you but does no damage.
You hit the goblin.
The goblin is moderately wounded.
You barely miss the hobgoblin.
You feel sick. The goblin hits you with a +0 club.
The hobgoblin closely misses you. You block the goblin's attack.
You block the hobgoblin's attack.
You slash the goblin!
You kill the goblin!
You hit the hobgoblin but do no damage.
You feel sick.
A bat comes into view.
The hobgoblin hits you but does no damage.
You have reached level 4!
You feel sick.
Things that are here:
a +0 club; a goblin corpse
As you read the scroll labelled SYQUGHOLOH, it crumbles to dust.
You feel strangely unstable.
It was a scroll of teleportation.
You feel sick.
You are no longer poisoned.
The hobgoblin hits you but does no damage.
You hit the hobgoblin but do no damage. You closely miss Robin.
Robin hits you but does no damage.
You are poisoned.
The hobgoblin hits you.
* * * LOW HITPOINT WARNING * * *
Robin hits you with a +0 short sword of venom.
* * * LOW HITPOINT WARNING * * *
You are more poisoned.
Unknown command.
You closely miss the hobgoblin. You completely miss Robin.
* * * LOW HITPOINT WARNING * * *
You feel extremely sick.
The hobgoblin hits you but does no damage.
Robin hits you but does no damage.
The hobgoblin hits you but does no damage.
Your surroundings suddenly seem different.
Found a fizzy yellow potion.
You die...

#######
#!.@..#
#.....#
#.....#
#.#.###
#. #.#..
#.###.###
##......
......
#.# ....
#.#


There were no monsters in sight!

Vanquished Creatures
  2 dart slugs
  2 bats
  4 endoplasms
  2 giant cockroaches
  8 goblins
  9 hobgoblins
  11 jackals
  A ball python (D:1)
  2 kobolds (D:2)
  A rat (D:2)
42 creatures vanquished.

Notes
Turn   | Place    | Note
-------+----------+-------------------------------------------
     0 | D:1      | atomiclemming the Hill Orc Fighter began the quest for the
                  | Orb.
     0 | D:1      | Reached XP level 1. HP: 19/19 MP: 1/1
   266 | D:1      | Reached XP level 2. HP: 27/27 MP: 2/2
   631 | D:1      | Reached skill level 4 in Fighting
   816 | D:1      | Reached XP level 3. HP: 33/33 MP: 3/3
   923 | D:2      | Found an ancient bone altar of Kikubaaqudgha.
  1373 | D:2      | Noticed Robin
  1403 | D:2      | Reached XP level 4. HP: 13/40 MP: 4/4
  1406 | D:2      | HP: 1/40 [poisoned by Robin]
  1407 | D:2      | Succumbed to Robin's poison

Illustrated notes

Levels and vault maps discovered:
D:1:      minmay_arrival_checkered_box, layout_loops_ring
D:2:      layout_basic, basic_altar, chequers_serial_rivers_room_b, uniq_robin

Skill      XL: |  1  2  3 |
---------------+----------+-----
Fighting       | 4 |  4.1
Axes           | 3 |  3.5
Armour         | |  3.8
Dodging        | |  0.3
Shields        | |  3.8

Action                     |  1- 3 |  4- 6 || total
---------------------------+-------+-------++-------
  Melee: War axe           |   126 |     2 ||   128
    Use: Scroll            |     2 |     1 ||     3
 Armour: Scale mail        |   119 |     7 ||   126
  Dodge: Dodged            |    79 |       ||    79
  Block: Buckler           |    42 |       ||    42
